 Dungeon Crawl Stone Soup version 0.22.1-1-ga44c0e5 (webtiles) character file.

5105 Fang the Cleaver (level 10, 0/64 HPs)
             Began as a Gargoyle Berserker on Sept 20, 2018.
             Was a High Priest of Trog.
             Slain by a yak (7 damage)
             ... on level 9 of the Dungeon.
             The game lasted 00:10:30 (8262 turns).

Fang the Cleaver (Gargoyle Berserker)               Turns: 8262, Time: 00:10:31

Health: 0/64       AC: 18    Str: 24    XL:     10   Next: 57%
Magic:  10/10      EV: 14    Int:  8    God:    Trog [*****.]
Gold:   460        SH:  0    Dex: 14    Spells: 9/9 levels left

rFire    x . .     SeeInvis +   t - +4 battleaxe (chop)
rCold    . . .     Gourm    .   (shield currently unavailable)
rNeg     + . .     Faith    .   y - +4 ring mail of Jovvawa {rF- MR++ Dex+5}
rPois    ∞         Spirit   .   (helmet restricted)
rElec    +         Reflect  .   (no cloak)
rCorr    .         Harm     .   (no gloves)
MR       +....                  (no boots)
Stlth    ++........             A - amulet of the acrobat
HPRegen  0.20/turn              d - ring of see invisible
MPRegen  0.12/turn              F - ring of flight

@: vulnerable, berserk cooldown, starving
A: beak, negative energy resistance 1, shaggy fur 1, electricity resistance,
unbreathing, petrification resistance, rot immunity, AC +7
a: Berserk, Trog's Hand, Brothers in Arms, Renounce Religion, Evoke Flight


You were on level 9 of the Dungeon.
You worshipped Trog.
Trog was extremely pleased with you.
You were starving.

You visited 2 branches of the dungeon, and saw 10 of its levels.
You also visited: Ossuary.

You collected 460 gold pieces.

Inventory:

Hand Weapons
 a - a +0 hand axe
 f - a +2 war axe of pain
 l - a +2 hand axe of freezing
 t - a +4 battleaxe of chopping (weapon)
Armour
 r - a +2 helmet
 y - the +4 ring mail of Jovvawa (worn) {rF- MR++ Dex+5}
   (You found it on level 5 of the Dungeon)

   It affects your dexterity (+5).
   It makes you vulnerable to fire.
   It affects your resistance to hostile enchantments.
Jewellery
 d - a ring of see invisible (left hand)
 j - an uncursed amulet of rage
 A - an amulet of the acrobat (around neck)
 F - a ring of flight (right hand)
 G - an uncursed ring of protection from cold {unknown}
Wands
 b - a wand of digging (17)
 n - a wand of iceblast (7)
 o - a wand of flame (34)
 q - a wand of random effects (15)
 x - a wand of polymorph (17)
Scrolls
 k - 4 scrolls of teleportation
 p - 2 scrolls of blinking
 u - 3 scrolls of magic mapping
 B - a scroll of identify
 H - 3 scrolls of noise {unknown}
Potions
 e - 2 potions of might
 g - 2 potions of curing
 h - 2 potions of brilliance
 i - a potion of flight
 m - a potion of haste
 s - 3 potions of heal wounds {unknown}
 v - 2 potions of cancellation {unknown}
 w - a potion of lignification {unknown}
 z - a potion of invisibility {unknown}
 E - 2 potions of magic {unknown}
Comestibles
 c - 8 rations


   Skills:
 + Level 8.3 Fighting
 + Level 10.6 Axes
 + Level 4.9 Armour
 + Level 5.1 Dodging
 + Level 3.2 Stealth


You had 9 spell levels left.
You didn't know any spells.
Your spell library was empty.

Dungeon Overview and Level Annotations

Branches:
Dungeon (9/15)             Temple (1/1) D:5            Lair (0/6) D:9
    Orc: D:9-12

Altars:
Elyvilon
Fedhas
Hepliaklqana
Kikubaaqudgha
Nemelex Xobeh
Sif Muna
Trog
The Shining One

Shops:
D:5 *   D:6 :


Innate Abilities, Weirdness & Mutations

You are resistant to torment.
Your stone body is resilient. (AC +7)
You are immune to poison.
You resist negative energy. (rN+)
You are resistant to electric shocks. (rElec)
You can survive without breathing.
You are immune to petrification.
You are immune to rotting.
You have a beak for a mouth.
You are covered in fur. (AC +1)


Message History

As you read the scroll labeled FAPO MAHYSM, it crumbles to dust.
Magic quickly surges around you.
It was a scroll of vulnerability.
Your ogre hits the yak with a giant spiked club!
The yak gores you.
* * * LOW HITPOINT WARNING * * *
The yak misses you. The yak closely misses you. x2
The yak gores you but does no damage.
As you read the scroll labeled HOANAS DEOPT, it crumbles to dust.
You assume a fearsome visage.
The yak resists with some effort.
The yak looks frightened! x4; It was a scroll of fear.
Your ogre barely misses the yak.
The yak gores your ogre! The yak gores you!
* * * LOW HITPOINT WARNING * * *
Your ogre hits the yak but does no damage.
Your ogre hits the yak with a giant spiked club!!
The yak dies!
Trog accepts your kill.
Things that are here:
a short sword; a plate armour You feel better.
Your ogre closely misses the yak.
The yak gores you!
You die...

#.....# ......#
#Y...Y########....##
#......#............
#Y.....#............
#......#............
#....†.#............
#...O..#...........<
#..Y...#............
#..@)..#............
#...).###'#######...
#......)...# #...
#......))†.# #...
#......)...# #...
#..........+ #...
#..........# #...
#..........# #...
#..........# ####


You could see 4 yaks and a friendly ogre (berserk).

Vanquished Creatures
  Grinder (D:5)
  A hippogriff (D:7)
  A yak (D:9)
  3 sky beasts
  An ice beast (D:7)
  3 orc warriors
  A necrophage (D:5)
  2 phantoms
  3 ogres
  An eye of draining (D:8)
  2 centaurs
  3 bullfrogs (D:7)
  9 scorpions
  8 wights
  9 killer bees
  A howler monkey (D:9)
  9 crimson imps
  4 centaur zombies (Ossuary)
  5 hounds
  2 human zombies (Ossuary)
  4 orc wizards
  7 orc priests
  An iguana (D:6)
  2 jellies (D:6)
  Ijyb (D:3)
  8 worker ants
  2 big kobold zombies (Ossuary)
  A hound skeleton (D:4)
  4 mummies
  A howler monkey zombie (D:6)
  Robin (D:3)
  14 adders
  4 scorpion zombies (Ossuary)
  2 shadow imps
  4 oozes
  3 adder skeletons
  3 worms
  A dart slug (D:2)
  A leopard gecko (D:4)
  36 orcs
  3 bats
  4 giant cockroaches
  A gnoll zombie (Ossuary)
  9 goblins
  13 hobgoblins
  15 jackals
  3 quokkas
  A ball python (D:1)
  6 frilled lizards
  A goblin zombie (Ossuary)
  A hobgoblin zombie (Ossuary)
  A jackal skeleton (D:4)
  2 kobolds
  3 kobold zombies (Ossuary)
  2 leopard gecko skeletons
  An orc zombie (Ossuary)
  2 quokka skeletons
  9 rats
246 creatures vanquished.

Vanquished Creatures (collateral kills)
  A yak (D:9)
1 creature vanquished.

Grand Total: 247 creatures vanquished

Notes
Turn   | Place    | Note
-------+----------+-------------------------------------------
     0 | D:1      | Fang the Gargoyle Berserker began the quest for the Orb.
     0 | D:1      | Reached XP level 1. HP: 14/14 MP: 1/1
    15 | D:1      | Reached XP level 2. HP: 11/19 MP: 2/2
   151 | D:1      | Reached skill level 3 in Axes
   355 | D:1      | Reached XP level 3. HP: 24/24 MP: 3/3
   924 | D:2      | Reached ** piety under Trog
   950 | D:2      | Found a faded altar of an unknown god.
   990 | D:2      | Reached XP level 4. HP: 19/29 MP: 4/4
  1616 | D:3      | Noticed Ijyb
  1642 | D:3      | Killed Ijyb
  1642 | D:3      | Reached skill level 4 in Axes
  1748 | D:3      | Reached XP level 5. HP: 33/33 MP: 5/5
  1891 | D:3      | Noticed Robin
  1904 | D:3      | Killed Robin
  1969 | D:3      | Found an ancient bone altar of Kikubaaqudgha.
  1970 | D:3      | Found a blossoming altar of Fedhas.
  2141 | D:3      | Reached skill level 1 in Stealth
  2172 | D:3      | Reached *** piety under Trog
  2244 | D:3      | Reached XP level 6. HP: 20/39 MP: 6/6
  2804 | D:4      | Found a bloodstained altar of Trog.
  2854 | D:4      | Reached skill level 5 in Axes
  3293 | D:4      | Reached XP level 7. HP: 31/44 MP: 7/7
  3423 | D:4      | Found a hazy altar of Hepliaklqana.
  3500 | D:4      | Found a white marble altar of Elyvilon.
  3550 | D:4      | Identified the Tome of the Gravedigger
  3684 | D:5      | Entered Level 5 of the Dungeon
  3701 | D:5      | Reached skill level 5 in Fighting
  3734 | D:5      | Found Sodip's Assorted Antiques.
  3822 | D:5      | Reached skill level 6 in Axes
  4024 | D:5      | Noticed Grinder
  4032 | D:5      | Paralysed by Grinder for 5 turns
  4040 | D:5      | Paralysed by Grinder for 6 turns
  4080 | D:5      | Killed Grinder
  4080 | D:5      | Reached XP level 8. HP: 23/50 MP: 8/8
  4320 | D:5      | Got a brightly glowing ring mail
  4331 | D:5      | Identified the +4 ring mail of Jovvawa {rF- MR++ Dex+5}
                  | (You found it on level 5 of the Dungeon)
  4350 | D:5      | Found an ancient bone altar of Kikubaaqudgha.
  4492 | D:5      | Found a staircase to the Ecumenical Temple.
  4495 | D:5      | Reached **** piety under Trog
  4495 | D:5      | Received a gift from Trog
  4513 | Temple   | Entered the Ecumenical Temple
  4566 | D:5      | Reached skill level 7 in Axes
  5465 | D:6      | Reached XP level 9. HP: 52/55 MP: 9/9
  5532 | D:6      | Reached skill level 8 in Axes
  5542 | D:6      | Found Gouqec's Book Shop.
  6451 | D:7      | Found a glowing golden altar of the Shining One.
  6555 | D:7      | Found a sand-covered staircase.
  6564 | Ossuary  | Entered an ossuary
  6648 | Ossuary  | Reached ***** piety under Trog
  6668 | Ossuary  | Reached skill level 9 in Axes
  6985 | D:7      | Gained mutation: You have a beak for a mouth. [potion of
                  | mutation]
  6985 | D:7      | Gained mutation: You are covered in fur. (AC +1) [potion of
                  | mutation]
  7114 | D:7      | Reached XP level 10. HP: 63/63 MP: 10/10
  7145 | D:7      | Reached skill level 10 in Axes
  7290 | D:7      | Received a gift from Trog
  7385 | D:7      | Found a deep blue altar of Sif Muna.
  7488 | D:8      | Found a sparkling altar of Nemelex Xobeh.
  7525 | D:8      | Reached skill level 5 in Dodging
  8183 | D:9      | Found a staircase to the Lair.
  8259 | D:9      | HP: 1/64 [yak (9)]
  8262 | D:9      | Slain by a yak

Skill      XL: |  1  2  3  4  5  6  7  8  9 10 |
---------------+-------------------------------+-----
Axes           | 3 4 5 6 7 9 10 | 10.6
Dodging        | 2 3 4 5 |  5.1
Fighting       | 4 5 6 7 8 |  8.3
Stealth        | 1 2 3 |  3.2
Armour         | 3 4 |  4.9

Action                   |  1- 3 |  4- 6 |  7- 9 | 10-12 || total
-------------------------+-------+-------+-------+-------++-------
Melee: Hand axe          |    97 |   210 |   439 |       ||   746
       War axe           |       |       |     8 |    38 ||    46
       Battleaxe         |       |       |       |    80 ||    80
       Peck              |       |       |       |    25 ||    25
Invok: Berserk           |       |     4 |     6 |     1 ||    11
       Brothers in Arms  |       |       |       |     1 ||     1
  Use: Scroll            |       |       |    17 |     2 ||    19
       Potion            |       |       |     1 |     2 ||     3
 Stab: Sleeping          |     2 |       |     2 |       ||     4
  Eat: Chunk             |       |    10 |     9 |     4 ||    23
       Ration            |       |       |     3 |       ||     3
Armor: Animal skin       |    34 |    58 |    36 |       ||   128
       Ring mail         |       |       |   162 |    69 ||   231
Dodge: Dodged            |    67 |   126 |   258 |   125 ||   576
